 Dungeon Crawl Stone Soup version 0.27.1-34-g3ba077fa99 (webtiles) character file.

Game seed: 3116214566119184783

1 Cykl0x the Slasher (level 1, 0/12 HPs)
             Began as a Gargoyle Gladiator on Jan 21, 2022.
             Frozen to death by an endoplasm (3 damage)
             ... on level 1 of the Dungeon.
             The game lasted 00:00:15 (54 turns).

Cykl0x the Slasher (Gargoyle Gladiator)               Turns: 54, Time: 00:00:15

Health: 0/12       AC:  6    Str: 17    XL:     1   Next: 20%
Magic:  1/1        EV: 12    Int:  8    God:
Gold:   0          SH:  0    Dex: 11    Spells: 0/0 levels left

rFire    . . .     SeeInvis .   a - +0 long sword
rCold    . . .     Faith    .   (no shield)
rNeg     + . .     Spirit   .   b - +0 leather armour
rPois    ∞         Reflect  .   c - +0 helmet
rElec    +         Harm     .   (no cloak)
rCorr    .         Rampage  .   (no gloves)
Will     .....                  (no boots)
Stlth    +.........             (no amulet)
HPRegen  0.04/turn              (no ring)
MPRegen  0.07/turn              (no ring)

@: no status effects
A: sickness immunity, AC +2, negative energy resistance 1, electricity
resistance, torment resistance 1, petrification resistance
a: no special abilities


You were on level 1 of the Dungeon.
You visited 1 branch of the dungeon, and saw 1 of its levels.

Inventory:

Hand Weapons
 a - a +0 long sword (weapon)
Missiles
 d - 3 throwing nets (quivered)
Armour
 b - a +0 leather armour (worn)
 c - a +0 helmet (worn)


   Skills:
 + Level 2.2 Fighting
 + Level 2.7 Long Blades
 + Level 1.7 Throwing
 + Level 2.4 Dodging


You couldn't memorise any spells.
You didn't know any spells.
Your spell library was empty.

Dungeon Overview and Level Annotations

Branches:
Dungeon (1/15)

Altars:


Innate Abilities, Weirdness & Mutations

You are immune to sickness and miasma.
Your stone body is resilient. (AC +2)
You are immune to poison.
You resist negative energy. (rN+)
You are resistant to electric shocks. (rElec)
You are resistant to unholy torment.
You are immune to petrification.


Message History

An endoplasm is nearby!
A goblin comes into view. It is wielding a +0 dagger.
Found a glowing bone amulet.
The goblin shouts!
The endoplasm quivers.
The endoplasm jiggles.
The goblin misses you.
You riposte.
You closely miss the goblin. You hit the goblin.
The goblin is heavily wounded.
The goblin hits you with a +0 dagger. The endoplasm hits you.
You closely miss the goblin.
The goblin is heavily wounded.
The goblin barely misses you. The endoplasm freezes you.
You are frozen.
You are too injured to fight recklessly!
You are too injured to fight recklessly!
You are too injured to fight recklessly!
You are too injured to fight recklessly!
You are too injured to fight recklessly!
You are too injured to fight recklessly!
You are too injured to fight recklessly!
You are too injured to fight recklessly!
You are too injured to fight recklessly!
You are too injured to fight recklessly!
You are too injured to fight recklessly!
You are too injured to fight recklessly!
You are too injured to fight recklessly!
You are too injured to fight recklessly!
You are too injured to fight recklessly!
You are too injured to fight recklessly!
Unknown command.
You barely miss the goblin.
The goblin is heavily wounded.
The endoplasm freezes you.
You are frozen.
* * * LOW HITPOINT WARNING * * *
The goblin misses you. The endoplasm freezes you.
You are frozen.
You die...

#......# #......# #
#......# .
#.#......# ..
#.#......#...
#............
#....gJ..#..#
#....@.......
#.#.....##.#..#
#.#............
#.####........# #.#
#..#......" #.#
#..#.#..... #.#
#..#.#.######
#.###..#.### ##≈##
##.#......##≈♣≈≈P≈##


You could see an endoplasm and a goblin.

Vanquished Creatures
  A hobgoblin (D:1)
1 creature vanquished.

Notes
Turn   | Place    | Note
-------+----------+-------------------------------------------
     0 | D:1      | Cykl0x the Gargoyle Gladiator began the quest for the Orb.
     0 | D:1      | Reached XP level 1. HP: 12/12 MP: 1/1
    54 | D:1      | Frozen to death by an endoplasm

Illustrated notes

Levels and vault maps discovered:
D:1:      ldierk_walled_garden_2, layout_basic, chequers_ecumenical_altar_simple

Action                   || total
-------------------------++-------
Melee: Long sword        ||     4
Dodge: Dodged            ||     4
       Rpst.: Long sword ||     1
